 Dungeon Crawl Stone Soup version 0.30-b1-2-g02819fbbbe (webtiles) character file.

Game seed: 13103462609440713698

6797 Katharsis the Skirmisher (level 11, -21/85 HPs)
             Began as a Gnoll Hunter on July 30, 2023.
             Was a Priest of Makhleb.
             Succumbed to a black mamba's poison
             ... on level 2 of the Lair of Beasts.
             The game lasted 01:04:12 (7574 turns).

Katharsis the Skirmisher (Gnoll Hunter)             Turns: 7574, Time: 01:04:13

Health: -21/85     AC: 14    Str: 15    XL:     11   Next: 5%
Magic:  20/20      EV: 19    Int:  9    God:    Makhleb [***...]
Gold:   551        SH:  0    Dex: 29    Spells: 22/22 levels left

rFire   + . .        y - +2 great mace (heavy)
rCold   . . .        (shield currently unavailable)
rNeg    . . .        z - +4 leather armour of Semaos {rF+ Dex+2 Slay+2}
rPois   .            (no helmet)
rElec   .            M - +2 cloak {Stlth+}
rCorr   .            (no gloves)
SInv    .            u - +0 pair of boots
Will    +....        W - amulet of faith
Stlth   +++++        d - +6 ring of dexterity
HPRegen 0.34/turn    r - +6 ring of dexterity
MPRegen 0.17/turn

%: faith
@: lethally poisoned (-21 -> -76)
A: fangs 1, strong nose, distributed training, iridescent scales 1,
strong-willed 1, wild magic 1
a: Renounce Religion, Minor Destruction, Lesser Servant of Makhleb


You were on level 2 of the Lair of Beasts.
You worshipped Makhleb.
Makhleb was most pleased with you.
You visited 3 branches of the dungeon, and saw 11 of its levels.

You collected 551 gold pieces.

Inventory:

Hand Weapons
 y - a +2 heavy great mace (weapon)
 K - a +1 dire flail of protection
 L - a +3 quarterstaff of chaos
 U - a +0 mace of draining
Missiles
 e - 3 boomerangs
 n - a boomerang of dispersal
 w - 2 atropa-tipped darts
 J - 9 poisoned darts
Armour
 c - a +0 leather armour
 p - a +0 ring mail
 q - a +2 cloak
 u - a +0 pair of boots (worn)
 x - a +2 ring mail of fire resistance
 z - the +4 leather armour of Semaos (worn) {rF+ Dex+2 Slay+2}
   (You found it on level 3 of the Dungeon)

   Dex:       It affects your dexterity (+2).
   Slay:      It affects your accuracy & damage with ranged weapons and melee
   (+2).
   rF:        It protects you from fire.
 F - a +8 chain mail of ponderousness
 M - a +2 cloak of stealth (worn)
 S - an orb of energy
 T - a +0 plate armour
Magical Staves
 t - a staff of cold
Jewellery
 d - a +6 ring of dexterity (left hand)
 i - a ring of willpower
 k - an amulet of guardian spirit
 r - a +6 ring of dexterity (right hand)
 C - a ring of see invisible
 W - an amulet of faith (around neck)
Wands
 B - a wand of iceblast (4)
 I - a wand of charming (7)
 Q - a wand of digging (4)
Scrolls
 b - a scroll of immolation
 j - 9 scrolls of identify
 l - 6 scrolls of teleportation
 o - a scroll of poison {unknown}
 D - a scroll of brand weapon {unknown}
 G - a scroll of magic mapping {unknown}
 H - a scroll of fog {unknown}
 O - a scroll of enchant weapon {unknown}
 R - a scroll of amnesia {unknown}
 V - a scroll of enchant armour {unknown}
Potions
 a - a potion of degeneration {unknown}
 g - a potion of invisibility {unknown}
 h - a potion of flight {unknown}
 m - 2 potions of magic
 v - 2 potions of curing
 A - 2 potions of haste {unknown}
 E - a potion of cancellation {unknown}
 N - 3 potions of might {unknown}
 P - a potion of brilliance {unknown}


   Skills:
 + Level 7.7 Fighting
 + Level 6.1 Short Blades
 + Level 6.1 Long Blades
 + Level 6.1 Axes
 + Level 6.1 Maces & Flails
 + Level 6.1 Polearms
 + Level 6.1 Staves
 + Level 10.5 Ranged Weapons
 + Level 6.1 Throwing
 + Level 6.1 Armour
 + Level 7.7 Dodging
 + Level 6.6 Stealth
 + Level 6.1 Shields
 + Level 6.1 Unarmed Combat
 + Level 6.1 Spellcasting
 + Level 5.0 Conjurations
 + Level 5.0 Hexes
 + Level 5.0 Summonings
 + Level 5.0 Necromancy
 + Level 5.0 Translocations
 + Level 5.0 Transmutations
 + Level 5.0 Fire Magic
 + Level 5.0 Ice Magic
 + Level 5.0 Air Magic
 + Level 5.0 Earth Magic
 + Level 5.0 Poison Magic
 + Level 6.7 Invocations
 + Level 6.1 Evocations


You had 22 spell levels left.
You didn't know any spells.
Your spell library contained the following spells:

 Spells                   Type           Power      Damage    Failure   Level
 Magic Dart               Conj           60%        1d6       5%          1
 Searing Ray              Conj           30%        2d5       8%          2
 Animate Dead             Necr           15%        N/A       41%         4
 Fulminant Prism          Conj/Hex       7%         3d7       41%         4
 Borgnjor's Vile Clutch   Necr/Erth      7%         N/A       73%         5
 Death Channel            Necr           7%         N/A       99%         6
 Haunt                    Necr/Summ      7%         N/A       100%        7
 Infestation              Necr           7%         N/A       100%        8


Dungeon Overview and Level Annotations

Branches:
Dungeon (8/15)             Temple (1/1) D:7            Lair (2/5) D:8
  Swamp: Lair:2-3    Shoals: Lair:2-3     Snake: Lair:2-3    Spider: Lair:2-3

Altars:
Ashenzari
Cheibriados
Dithmenos
Elyvilon
Gozag
Hepliaklqana
Kikubaaqudgha
Makhleb
Nemelex Xobeh
Okawaru
Qazlal
Ru
Sif Muna
Trog
Uskayaw
Vehumet
Xom
Yredelemnul
Zin
The Shining One


Innate Abilities, Weirdness & Mutations

You have very sharp teeth.
Your uncanny sense of smell can sniff out nearby items.
Your experience applies equally to all skills.
You are partially covered in iridescent scales. (AC +2)
You are strong-willed. (Will+)
Your spells are a little harder to cast, but a little more powerful.


Message History

You feel extremely sick. The black mamba misses you.
The black mamba bites you but does no damage.
The black mamba misses you.
The black mamba bites you but does no damage.
You miss the black mamba.
The black mamba is severely wounded.
You feel very sick. The black mamba closely misses you.
The black mamba bites you!
You are more poisoned.
The black mamba poisons you!
The black mamba bites you but does no damage.
The black mamba bites you!
You closely miss the black mamba.
The black mamba is severely wounded.
You feel extremely sick. The black mamba misses you.
The black mamba barely misses you. The black mamba misses you.
The black mamba bites you.
Unknown command.
You closely miss the black mamba.
The black mamba is heavily wounded.
You feel extremely sick. The black mamba misses you. The black mamba bites you.
* * * LOW HITPOINT WARNING * * *
The black mamba bites you but does no damage.
You barely miss the black mamba.
The black mamba is heavily wounded.
You feel very sick. The black mamba bites you!
* * * LOW HITPOINT WARNING * * *
You are lethally poisoned!
The black mamba poisons you! The black mamba bites you.
* * * LOW HITPOINT WARNING * * *
You are more poisoned.
The black mamba poisons you! The black mamba completely misses you.
The black mamba bites you but does no damage.
You sock the black mamba!
You bite the black mamba, but do no damage.
The black mamba is almost dead.
You die...

..............
.##.........#...
.P...#........#
.............#
.............#
.............#
.............#
......S@.....####
..#..##P........#
..P..##.........##
..P..............#
...............##
..............<.#
.##...#.........#
#...##.#.....##
#..# #.P.....#


You could see a black mamba.

Vanquished Creatures
  Pikel (D:5)
  3 elephants (Lair:1)
  A cane toad (Lair:1)
  A polar bear (Lair:1)
  Prince Ribbit (D:5)
  4 blink frogs (Lair:1)
  A shadow (D:7)
  A wyvern (Lair:1)
  2 basilisks (Lair:1)
  2 steam dragons
  2 wargs (D:8)
  Edmund (D:5)
  A water moccasin (Lair:1)
  2 orc warriors
  3 sky beasts
  An ogre (D:4)
  2 phantoms
  3 bullfrogs
  A gnoll sergeant (D:5)
  3 scorpions
  12 wights
  2 howler monkeys (D:8)
  A hound (D:6)
  3 orc priests
  Crazy Yiuf (D:5)
  A sleepcap (D:4)
  8 orc wizards
  8 iguanas
  8 gnolls
  7 adders
  3 shadow imps
  A white imp (D:7)
  An ufetubus (D:4)
  A worm (D:2)
  3 dart slugs
  22 orcs
  7 ball pythons
  9 endoplasms
  3 giant cockroaches
  9 goblins
  10 hobgoblins
  4 jackals (D:1)
  7 kobolds
  6 quokkas
  5 bats
  3 frilled lizards
  3 rats
184 creatures vanquished.

Vanquished Creatures (others)
  A fungus (Lair:2)
  7 plants
8 creatures vanquished.

Grand Total: 192 creatures vanquished

Notes
Turn   | Place    | Note
-------+----------+-------------------------------------------
     0 | D:1      | Katharsis the Gnoll Hunter began the quest for the Orb.
     0 | D:1      | Reached XP level 1. HP: 20/20 MP: 1/1
   150 | D:1      | Reached XP level 2. HP: 26/26 MP: 2/2
   369 | D:1      | Reached XP level 3. HP: 31/31 MP: 3/3
   442 | D:1      | Reached skill level 1 in Invocations
   608 | D:1      | Reached skill level 1 in Short Blades
   608 | D:1      | Reached skill level 1 in Long Blades
   608 | D:1      | Reached skill level 1 in Axes
   608 | D:1      | Reached skill level 1 in Maces & Flails
   608 | D:1      | Reached skill level 1 in Polearms
   608 | D:1      | Reached skill level 1 in Staves
   608 | D:1      | Reached skill level 1 in Throwing
   608 | D:1      | Reached skill level 1 in Armour
   608 | D:1      | Reached skill level 1 in Shields
   608 | D:1      | Reached skill level 1 in Unarmed Combat
   608 | D:1      | Reached skill level 1 in Spellcasting
   608 | D:1      | Reached skill level 1 in Evocations
   697 | D:2      | Reached XP level 4. HP: 38/38 MP: 5/5
  1653 | D:3      | Reached skill level 1 in Conjurations
  1653 | D:3      | Reached skill level 1 in Hexes
  1653 | D:3      | Reached skill level 1 in Summonings
  1653 | D:3      | Reached skill level 1 in Necromancy
  1653 | D:3      | Reached skill level 1 in Translocations
  1653 | D:3      | Reached skill level 1 in Transmutations
  1653 | D:3      | Reached skill level 1 in Fire Magic
  1653 | D:3      | Reached skill level 1 in Ice Magic
  1653 | D:3      | Reached skill level 1 in Air Magic
  1653 | D:3      | Reached skill level 1 in Earth Magic
  1653 | D:3      | Reached skill level 1 in Poison Magic
  1672 | D:3      | Found a burning altar of Makhleb.
  1694 | D:3      | Identified the +4 leather armour of Semaos {rF+ Dex+2
                  | Slay+2}
  2204 | D:3      | Reached XP level 5. HP: 43/43 MP: 7/7
  2307 | D:3      | Noticed a balrug
  2408 | D:3      | Noticed a smoke demon
  2408 | D:3      | Noticed a ynoxinul
  2416 | D:3      | Became a worshipper of Makhleb the Destroyer
  2551 | D:4      | Reached XP level 6. HP: 50/50 MP: 8/8
  2559 | D:4      | Reached skill level 5 in Fighting
  2559 | D:4      | Reached skill level 5 in Dodging
  2634 | D:4      | Reached * piety under Makhleb
  2680 | D:4      | Found a white marble altar of Elyvilon.
  2824 | D:4      | Found a broken altar of Ashenzari.
  2918 | D:4      | Reached XP level 7. HP: 56/56 MP: 10/10
  3083 | D:5      | Entered Level 5 of the Dungeon
  3177 | D:5      | Noticed Pikel
  3199 | D:5      | Killed Pikel
  3200 | D:5      | Reached skill level 9 in Ranged Weapons
  3200 | D:5      | Reached XP level 8. HP: 52/63 MP: 9/12
  3336 | D:5      | Found a stormy altar of Qazlal.
  3336 | D:5      | Found a shimmering blue altar of Sif Muna.
  3696 | D:5      | Noticed Edmund
  3703 | D:5      | Killed Edmund
  3733 | D:5      | Noticed Prince Ribbit
  3747 | D:5      | Killed Prince Ribbit
  3794 | D:5      | Found a runed translucent door.
  3795 | D:5      | Noticed Crazy Yiuf
  3806 | D:5      | Killed Crazy Yiuf
  4114 | D:6      | Reached XP level 9. HP: 69/69 MP: 14/14
  4134 | D:6      | Reached ** piety under Makhleb
  4159 | D:6      | Gained mutation: You are strong-willed. (Will+) [potion of
                  | mutation]
  4159 | D:6      | Gained mutation: You are partially covered in iridescent
                  | scales. (AC +2) [potion of mutation]
  4159 | D:6      | Gained mutation: Your spells are a little harder to cast,
                  | but a little more powerful. [potion of mutation]
  5397 | D:7      | Reached skill level 5 in Stealth
  5550 | D:7      | Reached skill level 5 in Invocations
  5655 | D:7      | Found an iron altar of Okawaru.
  5789 | D:7      | Found a staircase to the Ecumenical Temple.
  5799 | Temple   | Entered the Ecumenical Temple
  6622 | D:8      | Reached skill level 5 in Short Blades
  6622 | D:8      | Reached skill level 5 in Long Blades
  6622 | D:8      | Reached skill level 5 in Axes
  6622 | D:8      | Reached skill level 5 in Maces & Flails
  6622 | D:8      | Reached skill level 5 in Polearms
  6622 | D:8      | Reached skill level 5 in Staves
  6622 | D:8      | Reached skill level 5 in Throwing
  6622 | D:8      | Reached skill level 5 in Armour
  6622 | D:8      | Reached skill level 5 in Shields
  6622 | D:8      | Reached skill level 5 in Unarmed Combat
  6622 | D:8      | Reached skill level 5 in Spellcasting
  6622 | D:8      | Reached skill level 5 in Evocations
  6622 | D:8      | Reached XP level 10. HP: 70/77 MP: 17/17
  6700 | D:8      | Reached skill level 10 in Ranged Weapons
  6764 | D:8      | Found a staircase to the Lair.
  6788 | D:8      | Reached *** piety under Makhleb
  6982 | Lair:1   | Entered Level 1 of the Lair of Beasts
  6982 | Lair:1   | Noticed an elephant
  6988 | Lair:1   | Noticed an elephant
  6989 | Lair:1   | Noticed an elephant
  6991 | Lair:1   | Killed an elephant
  7000 | Lair:1   | Killed an elephant
  7007 | Lair:1   | Killed an elephant
  7434 | Lair:1   | Noticed a cane toad
  7442 | Lair:1   | Killed a cane toad
  7443 | Lair:1   | Reached skill level 5 in Conjurations
  7443 | Lair:1   | Reached skill level 5 in Hexes
  7443 | Lair:1   | Reached skill level 5 in Summonings
  7443 | Lair:1   | Reached skill level 5 in Necromancy
  7443 | Lair:1   | Reached skill level 5 in Translocations
  7443 | Lair:1   | Reached skill level 5 in Transmutations
  7443 | Lair:1   | Reached skill level 5 in Fire Magic
  7443 | Lair:1   | Reached skill level 5 in Ice Magic
  7443 | Lair:1   | Reached skill level 5 in Air Magic
  7443 | Lair:1   | Reached skill level 5 in Earth Magic
  7443 | Lair:1   | Reached skill level 5 in Poison Magic
  7443 | Lair:1   | Reached XP level 11. HP: 85/85 MP: 20/20
  7573 | Lair:2   | HP: 2/85 [black mamba (5)]
  7574 | Lair:2   | Succumbed to a black mamba's poison

Illustrated notes

Levels and vault maps discovered:
D:1:      nagdon_arrival_zigzag_paths, layout_loops_ring, nicolae_grassy_gnolls
D:2:      layout_loops_corners
D:3:      layout_loops_ring, makhleb_altar_promises_db
D:4:      layout_basic, mainiacjoe_overflow_catch_the_wave,
          minmay_misc_feat_five
D:5:      layout_loops_ring, jmf_multi_god_temple, minivault_27, st_stairs_4,
          uniq_edmund, uniq_prince_ribbit1, uniq_pikel, uniq_crazy_yiuf_cottage
D:6:      layout_layer_cave
D:7:      layout_loops_ring, mainiacjoe_overflow_chevrons,
          minmay_temple_entry_junction_2, serial_park_tiny_1,
          grunt_ministairs_7, hangedman_decor_slide_cut
D:8:      layout_basic, erik_lair_orcish_takeover
Temple:   nicolae_temple_superstar
Lair:1:   layout_chaotic_city, chequers_serial_rivers_micro_b
Lair:2:   layout_gridlike, nicolae_quartered_pool_little, serial_bayou_pond_c,
          uniq_gastronok

Skill      XL: |  1  2  3  4  5  6  7  8  9 10 |
---------------+-------------------------------+-----
Invocations    | 1 2 3 4 5 6 |  6.7
Short Blades   | 1 2 3 5 6 |  6.1
Long Blades    | 1 2 3 5 6 |  6.1
Axes           | 1 2 3 5 6 |  6.1
Maces & Flails | 1 2 3 5 6 |  6.1
Polearms       | 1 2 3 5 6 |  6.1
Staves         | 1 2 3 5 6 |  6.1
Throwing       | 1 2 3 5 6 |  6.1
Armour         | 1 2 3 5 6 |  6.1
Shields        | 1 2 3 5 6 |  6.1
Unarmed Combat | 1 2 3 5 6 |  6.1
Spellcasting   | 1 2 3 5 6 |  6.1
Evocations     | 1 2 3 5 6 |  6.1
Conjurations   | 1 2 3 4 5 |  5.0
Hexes          | 1 2 3 4 5 |  5.0
Summonings     | 1 2 3 4 5 |  5.0
Necromancy     | 1 2 3 4 5 |  5.0
Translocations | 1 2 3 4 5 |  5.0
Transmutations | 1 2 3 4 5 |  5.0
Fire Magic     | 1 2 3 4 5 |  5.0
Ice Magic      | 1 2 3 4 5 |  5.0
Air Magic      | 1 2 3 4 5 |  5.0
Earth Magic    | 1 2 3 4 5 |  5.0
Poison Magic   | 1 2 3 4 5 |  5.0
Stealth        | 3 4 5 6 |  6.6
Fighting       | 5 6 7 |  7.7
Dodging        | 5 6 7 |  7.7
Ranged Weapons | 9 10 | 10.5

Action                     |  1- 3 |  4- 6 |  7- 9 | 10-12 || total
---------------------------+-------+-------+-------+-------++-------
  Melee: Flail             |    29 |       |       |       ||    29
         Mace              |     7 |       |       |       ||     7
         Bite              |     2 |     2 |    11 |     9 ||    24
         Great mace        |       |    25 |   106 |    83 ||   214
   Fire: Shortbow          |    71 |   138 |   134 |       ||   343
    Use: Potion            |       |       |     2 |     2 ||     4
         Scroll            |       |       |       |     1 ||     1
   Stab: Sleeping          |     1 |       |     5 |     4 ||    10
         Distracted        |       |       |     1 |       ||     1
 Armour: Leather armour    |    22 |    19 |   101 |    50 ||   192
         Ring mail         |       |     5 |       |       ||     5
  Dodge: Dodged            |    42 |    77 |   173 |   151 ||   443
